 Dungeon Crawl Stone Soup version 0.23-a0-819-g6debee6 (webtiles) character file.

45760 Firecrotchwizard the Severer (level 14, -10/129 HPs)
             Began as a Hill Orc Monk on Jan 21, 2019.
             Was the Champion of Beogh.
             Mangled by Snorg (11 damage)
             ... on level 13 of the Dungeon on Jan 22, 2019.
             The game lasted 01:24:55 (25445 turns).

Firecrotchwizard the Severer (Hill Orc Monk)       Turns: 25445, Time: 01:24:55

Health: -10/129    AC: 22    Str: 25    XL:     14   Next: 34%
Magic:  15/21      EV: 14    Int: 10    God:    Beogh [******]
Gold:   1383       SH: 22    Dex: 13    Spells: 13/13 levels left

rFire    + . .     SeeInvis .   q - +1 broad axe
rCold    + . .     Gourm    .   Q - +0 large shield
rNeg     . . .     Faith    .   h - +4 plate armour of the Loofah {Str+3}
rPois    .         Spirit   .   m - +0 hat {MR+}
rElec    .         Reflect  +   E - scarf {rC+ rF+}
rCorr    .         Harm     .   o - +1 pair of gloves {Str+3}
MR       ++...                  n - +0 pair of boots
Stlth    ..........             Y - +3 amulet of reflection
HPRegen  0.31/turn              a - +4 ring of evasion
MPRegen  0.17/turn              f - +3 ring of evasion

@: slowed, very slow
A: walk on water
a: Smiting, Recall Orcish Followers, Give Item to Named Follower, Resurrection,
Renounce Religion


You were on level 13 of the Dungeon.
You worshipped Beogh.
Beogh was exalted by your worship.
You were not hungry.

You visited 2 branches of the dungeon, and saw 19 of its levels.
You also visited: Bailey.

You collected 1570 gold pieces.
You spent 187 gold pieces at shops.

Inventory:

Hand Weapons
 b - a +0 blowgun
   (You took it off a kobold on level 3 of the Dungeon)
 q - a +1 broad axe (weapon)
   (You took it off an orc warrior on level 9 of the Dungeon)
Missiles
 e - 11 tomahawks (quivered)
 v - 8 curare-tipped needles
 w - 42 poisoned needles
 U - 2 throwing nets {=f, !d}
Armour
 h - the +4 plate armour of the Loofah (worn) {Str+3}
   (You found it on level 6 of the Lair of Beasts)

   It affects your strength (+3).
 m - a +0 hat of magic resistance (worn)
   (You took it off Gastronok on level 12 of the Dungeon)
 n - a +0 pair of boots (worn)
   (You found it on level 1 of the Dungeon)
 o - a +1 pair of gloves of strength (worn)
   (You found it on level 3 of the Dungeon)
 E - a scarf of resistance (worn)
   (You found it on level 4 of the Lair of Beasts)
 Q - a +0 large shield (worn)
   (You found it on level 5 of the Lair of Beasts)
 S - a +0 helmet
   (You found it on level 9 of the Dungeon)
Jewellery
 a - a +4 ring of evasion (left hand)
   (You found it on level 6 of the Lair of Beasts)
 f - a +3 ring of evasion (right hand)
   (You found it on level 12 of the Dungeon)
 A - an uncursed ring of resist corrosion
   (You found it on level 4 of the Dungeon)
 P - an uncursed ring of wizardry {Wiz+, !d}
   (You found it on level 5 of the Lair of Beasts)
 V - an uncursed ring of ice {rC+, rF-}
   (You took it off Fannar on level 10 of the Dungeon)
 X - an uncursed ring of ice {rC+, rF-}
   (You found it on level 1 of the Lair of Beasts)
 Y - a +3 amulet of reflection (around neck)
   (You found it on level 10 of the Dungeon)
Wands
 g - a wand of clouds (8)
   (You found it on level 2 of the Lair of Beasts)
 z - a wand of acid (16)
   (You found it on level 4 of the Dungeon)
 D - a wand of polymorph (7)
   (You found it on level 5 of the Lair of Beasts)
 N - a wand of disintegration (2)
   (You found it on level 6 of the Dungeon)
 O - a wand of iceblast (10)
   (You found it on level 8 of the Dungeon)
 R - a wand of random effects (17)
   (You found it in a bailey)
 T - a wand of enslavement (4)
   (You found it in a bailey)
Scrolls
 d - 3 scrolls of immolation {!r}
 i - 5 scrolls of magic mapping {!r}
 j - a scroll of remove curse
 p - 11 scrolls of teleportation
 y - 3 scrolls of identify
 B - 3 scrolls of fear
 K - a scroll of torment {!r}
 M - a scroll of holy word {!r}
Potions
 k - 2 potions of berserk rage {unknown}
 l - 2 potions of agility
 s - 2 potions of resistance
 t - a potion of invisibility {unknown}
 u - 2 potions of might
 x - 2 potions of haste
 C - 7 potions of curing
 G - 8 potions of lignification {!q}
 H - 8 potions of heal wounds
 I - 3 potions of flight
 J - a potion of mutation {unknown}
 L - a potion of brilliance {unknown}
 W - a potion of cancellation {unknown}
Miscellaneous
 r - a box of beasts
 F - a phial of floods
   (You found it on level 4 of the Lair of Beasts)
Comestibles
 c - 27 rations


   Skills:
 + Level 13.3 Fighting
 - Level 17.0 Axes
 - Level 10.5 Armour
 - Level 5.2 Dodging
 - Level 1.5 Stealth
 * Level 11.9 Shields
 - Level 10.0 Invocations


You had 13 spell levels left.
You didn't know any spells.
Your spell library contained the following spells:

 Spells                   Type           Power        Failure   Level  Hunger
 Beastly Appendage        Tmut           #.....       100%        1    ##.....
 Confusing Touch          Hex            #.....       100%        1    ##.....
 Flame Tongue             Conj/Fire      #....        100%        1    ##.....
 Magic Dart               Conj           #...         100%        1    ##.....
 Blink                    Tloc           N/A          100%        2    ###....
 Call Imp                 Summ           #.......     100%        2    ###....
 Ensorcelled Hibernation  Hex/Ice        #.....       100%        2    ###....
 Shroud of Golubria       Chrm/Tloc      #.........   100%        2    ###....
 Slow                     Hex            #.......     100%        2    ###....
 Confuse                  Hex            #.......     100%        3    ####...
 Conjure Flame            Conj/Fire      #.......     100%        3    ####...
 Gell's Gravitas          Tloc           #.........   100%        3    ####...
 Ignite Poison            Fire/Tmut/Pois #.......     100%        3    ####...
 Inner Flame              Hex/Fire       #.......     100%        3    ####...
 Lesser Beckoning         Tloc           #.........   100%        3    ####...
 Mephitic Cloud           Conj/Pois/Air  #.......     100%        3    ####...
 Teleport Other           Tloc           #.......     100%        3    ####...
 Ice Form                 Ice/Tmut       #.......     100%        4    #####..
 Passage of Golubria      Tloc           N/A          100%        4    #####..
 Petrify                  Tmut/Erth      #.......     100%        4    #####..
 Borgnjor's Vile Clutch   Necr/Erth      #.........   100%        5    ######.
 Fireball                 Conj/Fire      #.........   100%        5    ######.
 Irradiate                Conj/Tmut      #.........   100%        5    ######.
 Metabolic Englaciation   Hex/Ice        #.........   100%        5    ######.
 Silence                  Hex/Air        #.........   100%        5    ######.
 Yara's Violent Unravell  Hex/Tmut       #.........   100%        5    ######.
 Bolt of Fire             Conj/Fire      #.........   100%        6    #######
 Darkness                 Hex            #.........   100%        6    #######
 Hydra Form               Tmut           #.........   100%        6    #######
 Shadow Creatures         Summ           N/A          100%        6    #######
 Ring of Flames           Chrm/Fire      #.........   100%        7    #######
 Ignition                 Fire           #.........   100%        8    #######


Dungeon Overview and Level Annotations

Branches:
Dungeon (13/15)            Temple (0/1) D:7            Lair (6/6) D:8
 Shoals (0/4) Lair:3       Spider (0/4) Lair:3        Slime (0/5) Lair:5
    Orc (0/2) D:9          Vaults (0/5) D:13

Altars:
Ashenzari
Cheibriados
Elyvilon
Kikubaaqudgha
Qazlal
Ru
Trog
Wu Jian
Xom
Yredelemnul
Zin
Beogh

Shops:
D:11 *

Annotations:
D:9 2 transporters
D:13 Snorg


Message History

The splash of acid hits you but does no damage.
You are splashed with acid!
You see here 22 gold pieces.
You take 14 damage, and have 115/129 hp.
Snorg goes berserk!
You hit the wraith but do no damage.
Your orc barely misses the wraith.
You hit the wraith but do no damage. The wraith misses you.
You slash Snorg! You barely miss the wraith. You slash the acid dragon!
Snorg bites you!! Snorg misses you. You block Snorg's attack.
Your orc warrior barely misses Snorg.
Your orc warrior hits the acid dragon but does no damage.
The wraith hits you! The wraith drains your vigour!
You feel yourself slow down. The acid dragon spits acid at you.
The splash of acid misses you. Snorg closely misses you. Snorg claws you.
Snorg barely misses you.
You take 32 damage, and have 84/129 hp.
MASSIVE DAMAGE!!
You barely miss Snorg. You closely miss the acid dragon. You slash the wraith!
You block Snorg's attack. Snorg claws you! You block Snorg's attack.
Your orc warrior barely misses Snorg.
Your orc warrior hits the acid dragon with a +0 war axe!
Your orc warrior closely misses the wraith.
The wraith closely misses you. You block the acid dragon's attack.
The acid dragon claws you but does no damage.
You take 10 damage, and have 74/129 hp.
You barely miss Snorg. You slash the acid dragon!
You kill the acid dragon!
Beogh accepts your kill.
Your orc warrior looks more experienced.
Your orc looks more experienced.
You completely miss the wraith. You block Snorg's attack. Snorg claws you.
Snorg closely misses you. You block the wraith's attack.
Your orc warrior misses Snorg.
Your orc warrior hits the wraith with a +0 war axe!
You block Snorg's attack. Snorg claws you! Snorg claws you but does no damage.
The wraith barely misses you.
You take 18 damage, and have 56/129 hp.
Unknown command.
You barely miss Snorg. You closely miss the wraith.
You block Snorg's attack. x2
Snorg claws you.
Your orc warrior barely misses Snorg.
Your orc warrior barely misses the wraith.
Snorg completely misses you. Snorg claws you but does no damage.
Snorg claws you!
* * * LOW HITPOINT WARNING * * *
The wraith hits you but does no damage. You block Snorg's attack.
Snorg claws you.
* * * LOW HITPOINT WARNING * * *
Snorg claws you!
* * * LOW HITPOINT WARNING * * *
Your orc warrior hits Snorg with a +0 war axe!
You take 38 damage, and have 18/129 hp.
MASSIVE DAMAGE!!
You swap places.
Snorg barely misses your orc warrior. Snorg claws your orc warrior!
Snorg claws your orc warrior. You block the wraith's attack.
Your orc warrior hits the wraith with a +0 war axe!
The wraith is destroyed!
Beogh accepts your kill.
Your orc warrior looks more experienced.
Your orc warrior completely misses Snorg.
Snorg barely misses your orc warrior. Snorg closely misses your orc warrior.
Snorg claws your orc warrior.
You see here 22 gold pieces.
You swap places.
Snorg bites your orc warrior!!
Your orc warrior dies!
Your orc warrior barely misses Snorg.
Snorg barely misses your orc warrior. Snorg claws your orc warrior.
Snorg barely misses your orc warrior. What are your orders? t - Shout!
Orders for allies: a - Attack new target. r - Retreat! s - Stop attacking. g - Guard the area. f - Follow me.
Anything else - Cancel.
Gang up on whom?
Aim: Snorg (lightly wounded, berserk, fast, unusually strong) Attack!
Snorg closely misses your orc warrior.
Snorg claws your orc warrior but does no damage.
Snorg claws your orc warrior!
Your orc hits Snorg with a +0 war axe!
Your orc warrior hits Snorg with a +0 war axe!!
Snorg bites your orc warrior!! Snorg misses your orc warrior.
Snorg claws your orc warrior.
Your orc warrior closely misses Snorg.
Your orc misses Snorg. Your orc hits Snorg with a +0 hand axe.
Smite: Snorg (moderately wounded, berserk, fast, unusually strong)
You smite Snorg!
Snorg bites your orc warrior.
Your orc warrior dies!
Your orc warrior closely misses Snorg.
Your orc closely misses Snorg. x2
You now have 18/21 mp.
Smite: Snorg (heavily wounded, berserk, fast, unusually strong)
You smite Snorg!
Your orc warrior hits Snorg with a +0 war axe!
Snorg bites your orc warrior. Snorg closely misses your orc warrior.
Snorg claws your orc warrior!
Your orc closely misses Snorg.
Snorg barely misses your orc warrior. Snorg claws your orc warrior. x2
Your orc warrior hits Snorg with a +0 war axe!
You now have 15/21 mp.
You slice Snorg!!
Your orc closely misses Snorg.
Snorg bites you!!
* * * LOW HITPOINT WARNING * * *
You block Snorg's attack. x2; Your orc misses Snorg.
Snorg bites you!
You die...

,*,**####*****************#######
,,,,,#...,,,,,,,,,,,,,,..,.......
,,,,,#...,,,,,,,,,,,,,,..,.......
.....#...#********,,,,.,..,....#.
.<..##...########****.#**#.,.....
....##..........#####.#####.####.
..>..............................
....##...........(o)#.#*#.#...)..
....##.#........@To...#*#........
....##.....###.###o..........###.
...(......##.....##.........##.)#
.........##.......*#.......##.###
........##.........####.####.###,
........#...........*,,,..*#.##.#
........#...........*,***.*##.#.#
...........,,,,,,,,,,,*,,,,*#.##.
........#..,,,,,,,,,*,***,*,##..#


You could see Snorg (berserk), a friendly orc warrior and 2 friendly orcs.

Vanquished Creatures
  Gastronok (D:12)
  Frances (D:12)
  A yaktaur captain (D:13)
  Fannar (D:10)
  3 hydras
  A death yak (Lair:6)
  A fire crab (Lair:6)
  2 unseen horrors
  2 ugly things
  9 black mambas
  A centaur zombie (D:13)
  2 molten gargoyles (Lair:5)
  4 spiny frogs
  A rime drake (Lair:6)
  9 komodo dragons
  2 yaktaurs (D:13)
  3 efreet (D:13)
  A troll (D:12)
  2 tengu conjurers (D:13)
  A polar bear (Lair:6)
  A hornet (D:12)
  Grinder (D:3)
  7 blink frogs
  4 hippogriffs
  3 wyverns
  A water elemental (D:13)
  A wraith (D:11)
  2 shadows
  2 basilisks
  18 yaks
  A hungry ghost (D:7)
  2 steam dragons
  4 water moccasins
  16 soldier ants
  An acid dragon (D:13)
  A hell hound (Lair:6)
  14 porcupines
  3 orc warriors
  2 ice beasts
  2 sky beasts
  A black bear (D:10)
  5 ogres
  2 phantoms
  7 crocodiles
  4 centaurs
  3 big kobolds
  9 bullfrogs
  3 scorpions
  3 wights (D:12)
  14 killer bees
  An electric eel (D:8)
  5 lava snakes (Lair:6)
  5 crimson imps
  5 hounds
  A jelly (D:8)
  An orc priest (D:8)
  3 iguanas
  2 orc wizards
  23 worker ants
  A hound zombie (D:11)
  A hound skeleton (D:5)
  3 gnolls
  A howler monkey skeleton (D:6)
  8 adders
  2 shadow imps
  An ooze (D:1)
  An adder zombie (D:6)
  4 worms
  6 leopard geckos
  6 orcs
  7 bats
  5 giant cockroaches
  11 goblins
  17 hobgoblins
  16 jackals
  5 quokkas
  2 ball pythons
  3 frilled lizards
  A giant cockroach zombie (D:3)
  22 kobolds
  2 leopard gecko skeletons
  A quokka skeleton (D:8)
  8 rats
  A spectral orc (D:6)
  A butterfly (Lair:4)
  6 fungi
  A plant (Lair:5)
374 creatures vanquished.

Vanquished Creatures (collateral kills)
  A fire dragon (Lair:6)
  Harold (D:9)
  3 hydras
  Erica (D:10)
  A two-headed ogre (D:10)
  A queen ant (Lair:3)
  2 death yaks (Lair:5)
  An ugly thing (D:11)
  A guardian serpent (D:10)
  5 spiny frogs
  Psyche (D:10)
  A rime drake (Lair:5)
  A komodo dragon (Lair:5)
  10 blink frogs
  2 hippogriffs (Lair:5)
  2 wraiths
  A steam dragon (D:10)
  9 yaks
  2 hungry ghosts
  4 soldier ants (Lair:3)
  3 water moccasins
  2 wargs (D:8)
  A hell hound (Lair:5)
  2 porcupines
  2 sky beasts
  5 orc warriors
  4 black bears
  An eye of draining (D:12)
  3 ogres
  4 ice beasts
  2 phantoms
  2 centaurs
  4 crocodiles
  2 big kobolds
  4 bullfrogs
  A gnoll sergeant (D:9)
  A scorpion (D:5)
  3 killer bees (D:9)
  5 wights
  3 crimson imps
  A quasit (D:9)
  A bullfrog zombie (D:7)
  3 hounds
  2 jellies
  3 orc priests (D:9)
  A centaur skeleton (D:6)
  2 orc wizards
  7 worker ants
  A hound skeleton (D:11)
  4 gnolls
  5 adders
  7 orcs
  3 goblins (Bailey)
  8 jackals
  A quokka (D:11)
  6 kobolds
  A butterfly (Lair:4)
  3 fungi
  A plant (Lair:6)
164 creatures vanquished.

Vanquished Creatures (others)
  Nessos (Lair:6)
  An orc knight (Lair:5)
  4 orc warriors
  3 orc priests
  2 orc wizards
  30 orcs
  A frilled lizard (D:2)
  9 kobolds (Bailey)
  2 bushes (Lair:6)
  23 fungi
  21 plants
97 creatures vanquished.

Grand Total: 635 creatures vanquished

Notes
Turn   | Place    | Note
-------+----------+-------------------------------------------
     0 | D:1      | Firecrotchwizard the Hill Orc Monk began the quest for the
                  | Orb.
     0 | D:1      | Reached XP level 1. HP: 19/19 MP: 1/1
    85 | D:1      | Reached XP level 2. HP: 27/27 MP: 2/2
   176 | D:1      | Reached skill level 1 in Armour
   307 | D:1      | Reached skill level 4 in Fighting
   411 | D:1      | Reached XP level 3. HP: 33/33 MP: 3/3
   680 | D:1      | Reached skill level 5 in Axes
   916 | D:2      | Became a worshipper of Beogh the Brigand
   916 | D:2      | Reached * piety under Beogh
   916 | D:2      | Reached ** piety under Beogh
   917 | D:2      | Noticed an orc warrior
  1126 | D:2      | Reached XP level 4. HP: 36/40 MP: 4/4
  1452 | D:2      | Reached skill level 2 in Armour
  1547 | D:2      | Found a glowing silver altar of Zin.
  1938 | D:3      | Noticed Grinder
  1978 | D:3      | Reached XP level 5. HP: 45/47 MP: 5/5
  2045 | D:3      | Reached skill level 6 in Axes
  2145 | D:3      | Found a shimmering altar of Xom.
  2185 | D:3      | Found an ornate altar of the Wu Jian Council.
  2240 | D:3      | Reached skill level 1 in Invocations
  2319 | D:3      | Killed Grinder
  2319 | D:3      | Reached skill level 5 in Fighting
  2319 | D:3      | Reached skill level 7 in Axes
  2319 | D:3      | Reached skill level 3 in Armour
  2319 | D:3      | Reached skill level 2 in Invocations
  2319 | D:3      | Reached XP level 6. HP: 56/56 MP: 5/7
  2521 | D:3      | Found a faded altar of an unknown god.
  2985 | D:3      | meem: I am meem, an upgrade of beem built by MalcolmRose
                  | (check out Malcolm's DCSS vids and other projects at
                  | http://youtube.com/malcolmrosegaming). To have me follow
                  | you in your games, type !subscribemeem - to make me go away
                  | forever, type !quitmeem - For help, type: !meem
  3407 | D:4      | Found a stormy altar of Qazlal.
  3448 | D:4      | Reached XP level 7. HP: 48/61 MP: 9/9
  3475 | D:4      | Reached skill level 3 in Invocations
  3748 | D:4      | Found a sacrificial altar of Ru.
  3848 | D:4      | Found a shattered altar of Ashenzari.
  3979 | D:4      | Reached *** piety under Beogh
  4186 | D:4      | Reached skill level 8 in Axes
  4518 | D:5      | Entered Level 5 of the Dungeon
  4782 | D:5      | Found a snail-covered altar of Cheibriados.
  4830 | D:5      | Reached skill level 4 in Armour
  4858 | D:5      | Reached skill level 4 in Invocations
  4858 | D:5      | Reached XP level 8. HP: 54/70 MP: 9/11
  4998 | D:5      | Reached skill level 6 in Fighting
  5256 | D:5      | HP: 17/70 [centaur (4)]
  5260 | D:5      | Reached skill level 9 in Axes
  5261 | D:5      | HP: 12/70 [poisoned by a scorpion]
  5261 | D:5      | HP: 1/70 [orc warrior/+0 club (11)]
  5267 | D:5      | HP: 9/70 [something/magic dart (3)]
  6017 | D:6      | Found a basalt altar of Yredelemnul.
  6180 | D:6      | Reached skill level 5 in Invocations
  6333 | D:6      | Reached skill level 5 in Armour
  6645 | D:7      | Noticed a cyan ugly thing
  6660 | D:7      | HP: 12/71 [cyan ugly thing (12)]
  6664 | D:7      | Killed a cyan ugly thing
  6664 | D:7      | Reached skill level 7 in Fighting
  6664 | D:7      | Reached skill level 10 in Axes
  6664 | D:7      | Reached XP level 9. HP: 14/79 MP: 3/13
  6668 | D:7      | HP: 13/79 [phantom (2)]
  7106 | D:7      | Reached skill level 6 in Invocations
  7123 | D:7      | Found a staircase to the Ecumenical Temple.
  7394 | D:7      | Reached **** piety under Beogh
  7689 | D:7      | Found an ancient bone altar of Kikubaaqudgha.
  7980 | D:8      | Found a staircase to the Lair.
  7988 | D:8      | Reached skill level 11 in Axes
  7997 | D:8      | Reached skill level 6 in Armour
  8010 | D:8      | HP: 20/81 [poisoned by an adder]
  8015 | D:8      | HP: 18/81 [poisoned by an adder]
  8021 | D:8      | HP: 17/81 [poisoned by an adder]
  8028 | D:8      | HP: 16/81 [poisoned by an adder]
  8036 | D:8      | HP: 16/81 [poisoned by an adder]
  8371 | D:8      | Reached skill level 8 in Fighting
  8371 | D:8      | Reached skill level 7 in Invocations
  9186 | D:9      | Found a snail-covered altar of Cheibriados.
  9211 | D:9      | HP: 17/81 [gnoll sergeant/+0 spear (4)]
  9214 | D:9      | Reached XP level 10. HP: 26/88 MP: 2/15
  9218 | D:9      | Reached skill level 12 in Axes
  9228 | D:9      | HP: 21/89 [killer bee (2)]
  9230 | D:9      | Gained Bogmar as an ally
  9233 | D:9      | HP: 20/90 [poisoned by a killer bee]
  9534 | D:9      | Found a transporter.
  9535 | D:9      | Noticed a kobold demonologist
  9536 | D:9      | Found a transporter.
  9536 | D:9      | Found a bloodstained altar of Trog.
  9537 | D:9      | Noticed a centaur warrior
  9593 | D:9      | Found a white marble altar of Elyvilon.
  9604 | D:9      | Noticed Harold
  9604 | D:9      | Paralysed by Harold for 4 turns
  9614 | D:9      | Paralysed by Harold for 4 turns
  9619 | D:9      | Killed Harold
  9619 | D:9      | Reached skill level 7 in Armour
  9948 | D:9      | Found a roughly hewn altar of Beogh.
  9948 | D:9      | Found a staircase to the Orcish Mines.
  9953 | D:9      | Reached skill level 8 in Invocations
  9956 | D:9      | HP: 22/90 [orc warrior/+0 broad axe (14)]
  9961 | D:9      | HP: 4/90 [orc warrior/+0 trident (8)]
  9962 | D:9      | HP: 1/90 [orc warrior/+0 long sword (9)]
  9964 | D:9      | Reached ***** piety under Beogh
 10613 | D:10     | Entered Level 10 of the Dungeon
 10625 | D:10     | Noticed Erica
 10630 | D:10     | Killed Erica
 10630 | D:10     | Reached skill level 9 in Fighting
 10630 | D:10     | Reached skill level 13 in Axes
 10643 | D:10     | Noticed a guardian serpent
 10652 | D:10     | Killed a guardian serpent
 10698 | D:10     | Killed an unseen horror
 10823 | D:10     | Reached skill level 9 in Invocations
 10823 | D:10     | Noticed Fannar
 10826 | D:10     | Reached skill level 8 in Armour
 10826 | D:10     | Reached XP level 11. HP: 71/97 MP: 12/17
 10839 | D:10     | Killed Fannar
 11058 | D:10     | Noticed Psyche
 11062 | D:10     | Killed Psyche
 11062 | D:10     | Reached skill level 14 in Axes
 11120 | D:10     | Noticed a two-headed ogre
 11126 | D:10     | Killed a two-headed ogre
 11126 | D:10     | Reached skill level 10 in Fighting
 11636 | Lair:1   | Entered Level 1 of the Lair of Beasts
 11936 | Lair:1   | HP: 19/99 [komodo dragon (14)]
 11938 | Lair:1   | HP: 9/99 [komodo dragon (7)]
 11939 | Lair:1   | HP: 4/99 [komodo dragon (5)]
 13159 | D:8      | Reached skill level 10 in Invocations
 13899 | Lair:2   | Reached skill level 9 in Armour
 14343 | Lair:2   | Reached skill level 15 in Axes
 15439 | Lair:2   | Reached XP level 12. HP: 65/108 MP: 19/19
 15715 | Lair:3   | Reached skill level 11 in Fighting
 15979 | Lair:3   | Noticed an eight-headed hydra
 15985 | Lair:3   | Killed an eight-headed hydra
 15993 | Lair:3   | Found a hole to the Spider Nest.
 16273 | Lair:3   | Found a staircase to the Shoals.
 16306 | Lair:3   | Reached skill level 16 in Axes
 16395 | Lair:3   | Reached skill level 10 in Armour
 16667 | Lair:3   | Noticed a queen ant
 16679 | Lair:3   | Killed a queen ant
 16702 | Lair:3   | HP: 27/110 [poisoned by a queen ant]
 16708 | Lair:3   | HP: 24/110 [poisoned by a queen ant]
 16713 | Lair:3   | HP: 23/110 [poisoned by a queen ant]
 16718 | Lair:3   | HP: 22/110 [poisoned by a queen ant]
 16725 | Lair:3   | HP: 22/110 [poisoned by a queen ant]
 16730 | Lair:3   | HP: 22/110 [poisoned by a queen ant]
 18781 | Lair:5   | Reached skill level 17 in Axes
 18917 | Lair:5   | Noticed a four-headed hydra
 18924 | Lair:5   | Killed a four-headed hydra
 18924 | Lair:5   | Reached skill level 1 in Shields
 18929 | Lair:5   | Reached skill level 2 in Shields
 19119 | Lair:5   | Found a staircase to the Slime Pits.
 19125 | Lair:5   | Reached skill level 3 in Dodging
 19125 | Lair:5   | Reached skill level 3 in Shields
 19371 | Lair:5   | Reached skill level 4 in Shields
 19371 | Lair:5   | Reached XP level 13. HP: 69/117 MP: 20/20
 19643 | Lair:5   | Got a polished flail
 19792 | Lair:5   | Identified the Incunabulum of Unstable Fire
 20049 | Lair:6   | Entered Level 6 of the Lair of Beasts
 20062 | Lair:5   | Reached skill level 5 in Shields
 20348 | Lair:6   | Reached skill level 4 in Dodging
 20351 | Lair:5   | Reached skill level 6 in Shields
 20561 | Lair:6   | Noticed Nessos
 20570 | Lair:6   | Killed Nessos
 20570 | Lair:6   | Reached skill level 7 in Shields
 21256 | Lair:6   | Reached skill level 5 in Dodging
 21256 | Lair:6   | Reached skill level 8 in Shields
 21258 | Lair:6   | Got a bloodstained plate armour
 21399 | Lair:6   | Identified the +4 plate armour of the Loofah {Str+3} (You
                  | found it on level 6 of the Lair of Beasts)
 21697 | Lair:5   | Reached skill level 12 in Fighting
 21838 | Lair:5   | Reached skill level 9 in Shields
 22274 | Lair:6   | Noticed a fire dragon
 22281 | Lair:6   | Found a large runed door.
 22450 | Lair:6   | Found a large runed door.
 22472 | Lair:6   | Killed a fire dragon
 22997 | Lair:1   | Reached skill level 10 in Shields
 23001 | Lair:1   | Reached ****** piety under Beogh
 23557 | D:11     | Found Watt's Hallowed Reliquary.
 23557 | D:11     | Found a white marble altar of Elyvilon.
 23557 | D:11     | Noticed an angel
 23569 | D:11     | Bought a potion of curing for 51 gold pieces
 23569 | D:11     | Bought a potion of heal wounds for 85 gold pieces
 23569 | D:11     | Bought a potion of curing for 51 gold pieces
 23667 | D:11     | You fall through a shaft!
 23872 | D:12     | Noticed Gastronok
 23883 | D:12     | Killed Gastronok
 23883 | D:12     | Reached XP level 14. HP: 114/127 MP: 21/21
 23900 | D:12     | Got a tattered robe
 23955 | D:12     | Noticed Urug
 24561 | D:12     | Noticed Frances
 24579 | D:12     | Killed Frances
 24579 | D:12     | Reached skill level 11 in Shields
 24858 | D:12     | Reached skill level 13 in Fighting
 25073 | D:13     | Found a gate to the Vaults.
 25188 | D:13     | Found a flagged portal.
 25198 | Bailey   | Entered a bailey
 25431 | D:13     | Noticed Snorg
 25439 | D:13     | HP: 32/129 [Snorg (4)]
 25445 | D:13     | HP: 1/129 [Snorg (20)]
 25445 | D:13     | Mangled by Snorg

Vault maps used:
D:1:      eino_arrival_cavern_c
D:2:      lemuel_coloured_pillars_altar, chequers_big_river, minmay_circle_x
D:3:      xom_butterflies, overflow_temple_1_default,
          chequers_ecumenical_altar_grove, first_ration,
          minmay_increasing_density, uniq_grinder
D:4:      kennysheep_mini_moat, old_standard_altar, gup_sewer_entry_bowl,
          cheibrodos_ashenzari_chains
D:5:      lemuel_round_altar
D:6:      yredelemnul_forgotten_temple_becter
D:7:      marbit_many_paths, minmay_temple_entry_mini_moons
D:8:      erik_lair_orcish_takeover, blue_anna_alchemist,
          kennysheep_small_spiral
D:9:      gammafunk_temple_overflow_arena, elyvilon_altar_3, david_orc_5,
          basic_altar, uniq_harold
D:10:     minivault_27, nrook_guardian_serpent_ordinary, uniq_erica,
          uniq_fannar, uniq_psyche
D:11:     nicolae_good_shop
D:12:     minmay_misc_feat_plants, uniq_frances, uniq_urug, uniq_gastronok
D:13:     minmay_the_grid_octo_tiled_octocenter, david_vaults_2, enter_bailey_3,
          uniq_snorg
Lair:1:   serial_bayou_shore_b
Lair:2:   nicolae_volcano_entry_s_turn, serial_bayou_lake_a
Lair:3:   shoals_dummy_entry, spider_nest_entry_web_field, minivault_29
Lair:4:   lemuel_fruit_fields
Lair:5:   slime_dummy
Lair:6:   cheibrodos_lair_end_hotspot, uniq_nessos
Bailey:   bailey_axe_1, bailey

Skill      XL: |  1  2  3  4  5  6  7  8  9 10 11 12 13 14 |
---------------+-------------------------------------------+-----
Armour         | 1 2 3 4 5 6 8 9 10 | 10.5
Fighting       | 4 5 7 8 9 10 11 12 13 | 13.3
Axes           | 5 7 8 10 11 13 15 17 | 17.0
Invocations    | 2 4 5 7 9 10 | 10.0
Shields        | 4 10 11 | 11.9
Dodging        | 3 5 |  5.2
Stealth        | |  1.5

Action                   |  1- 3 |  4- 6 |  7- 9 | 10-12 | 13-15 || total
-------------------------+-------+-------+-------+-------+-------++-------
Melee: Hand axe          |   110 |   232 |   407 |    21 |       ||   770
       Battleaxe         |       |       |       |   142 |       ||   142
       Broad axe         |       |       |       |   399 |   477 ||   876
 Fire: Blowgun           |       |       |     2 |       |       ||     2
Throw: Tomahawk          |     4 |    16 |     3 |     2 |    14 ||    39
Invok: Convert to Beogh  |     1 |       |       |       |       ||     1
       Smiting           |       |       |     3 |     5 |     2 ||    10
       Recall Orcish Fol |       |       |       |       |     5 ||     5
       Give Item to Name |       |       |       |       |     1 ||     1
Evoke: Wand              |       |     2 |       |    10 |    14 ||    26
  Use: Scroll            |       |       |     7 |     9 |    12 ||    28
       Potion            |       |       |     2 |     6 |       ||     8
 Stab: Sleeping          |     1 |       |       |       |       ||     1
       Paralysed         |       |     8 |       |     2 |       ||    10
       Distracted        |       |       |     4 |     6 |     5 ||    15
  Eat: Chunk             |     1 |     5 |     9 |    13 |    12 ||    40
       Ration            |       |     1 |     3 |     6 |     3 ||    13
Armor: Ring mail         |    39 |    98 |   115 |       |       ||   252
       Chain mail        |       |       |    35 |   159 |       ||   194
       Plate armour      |       |       |       |   178 |   200 ||   378
Dodge: Dodged            |    61 |   121 |   216 |   205 |   131 ||   734
Block: Other             |       |       |       |    37 |       ||    37
       Large shield      |       |       |       |    40 |   534 ||   574
       Reflection        |       |       |       |       |   107 ||   107

Table legend:
 A = Non-vault XP
 B = Vault XP
 C = Vault XP percentage of total XP
 D = Non-vault monster count
 E = Vault monster count
 F = Vault count percentage of total count
                 A         B        C        D         E       F
            +---------+---------+-------+---------+---------+-------
      Total |   39702 |   25670 |  39.3 |     379 |     156 |  29.2
            +---------+---------+-------+---------+---------+-------
        D:1 |      51 |       0 |   0.0 |      20 |       0 |   0.0
        D:2 |      80 |      24 |  23.1 |      18 |       5 |  21.7
        D:3 |      95 |     283 |  74.9 |      25 |       7 |  21.9
        D:4 |     458 |       8 |   1.7 |      13 |       4 |  23.5
        D:5 |     512 |       0 |   0.0 |      17 |       0 |   0.0
        D:6 |     522 |       1 |   0.2 |      17 |       1 |   5.6
        D:7 |    1212 |       0 |   0.0 |      20 |       0 |   0.0
        D:8 |     868 |     388 |  30.9 |      13 |       6 |  31.6
        D:9 |    1150 |    1091 |  48.7 |      35 |      14 |  28.6
       D:10 |    3896 |    2008 |  34.0 |      28 |       4 |  12.5
       D:11 |    1015 |       0 |   0.0 |      19 |       0 |   0.0
       D:12 |    2415 |    3502 |  59.2 |      22 |       2 |   8.3
       D:13 |    1918 |    4153 |  68.4 |      11 |      20 |  64.5
     Lair:1 |    3042 |       0 |   0.0 |      17 |       0 |   0.0
     Lair:2 |    3306 |     308 |   8.5 |      17 |       2 |  10.5
     Lair:3 |    2715 |    3796 |  58.3 |      12 |      38 |  76.0
     Lair:4 |    2946 |       0 |   0.0 |      16 |       0 |   0.0
     Lair:5 |    9387 |    3050 |  24.5 |      45 |       9 |  16.7
     Lair:6 |    4114 |    6864 |  62.5 |      14 |      18 |  56.2
     Bailey |       0 |     194 | 100.0 |       0 |      26 | 100.0
            +---------+---------+-------+---------+---------+-------

Vault maps used:
D:1:      eino_arrival_cavern_c
D:2:      lemuel_coloured_pillars_altar, chequers_big_river, minmay_circle_x
D:3:      xom_butterflies, overflow_temple_1_default,
          chequers_ecumenical_altar_grove, first_ration,
          minmay_increasing_density, uniq_grinder
D:4:      kennysheep_mini_moat, old_standard_altar, gup_sewer_entry_bowl,
          cheibrodos_ashenzari_chains
D:5:      lemuel_round_altar
D:6:      yredelemnul_forgotten_temple_becter
D:7:      marbit_many_paths, minmay_temple_entry_mini_moons
D:8:      erik_lair_orcish_takeover, blue_anna_alchemist,
          kennysheep_small_spiral
D:9:      gammafunk_temple_overflow_arena, elyvilon_altar_3, david_orc_5,
          basic_altar, uniq_harold
D:10:     minivault_27, nrook_guardian_serpent_ordinary, uniq_erica,
          uniq_fannar, uniq_psyche
D:11:     nicolae_good_shop
D:12:     minmay_misc_feat_plants, uniq_frances, uniq_urug, uniq_gastronok
D:13:     minmay_the_grid_octo_tiled_octocenter, david_vaults_2, enter_bailey_3,
          uniq_snorg
Lair:1:   serial_bayou_shore_b
Lair:2:   nicolae_volcano_entry_s_turn, serial_bayou_lake_a
Lair:3:   shoals_dummy_entry, spider_nest_entry_web_field, minivault_29
Lair:4:   lemuel_fruit_fields
Lair:5:   slime_dummy
Lair:6:   cheibrodos_lair_end_hotspot, uniq_nessos
Bailey:   bailey_axe_1, bailey

Table legend:
 A = Turns spent in this place as a percentage of turns spent in the entire game.
 B = Non-inter-level travel turns spent in this place as a percentage of non-inter-level travel turns spent in the entire game.
 C = Inter-level travel turns spent in this place as a percentage of turns spent in this place.
 D = Turns resting spent in this place as a percentage of non-inter-level travel turns spent in this place.
 E = Turns spent auto-exploring this place as a percentage of non-inter-level travel turns spent in this place.
 F = Non-inter-level travel turns spent in this place divided by the number of levels of this place that you've seen.
                   A       B       C       D       E      F
               +-------+-------+-------+-------+-------+----------------------
         Total | 100.0 | 100.0 |   3.7 |  36.9 |  31.7 | 1224.7
       Dungeon |  55.8 |  55.5 |   4.2 |  29.8 |  40.7 | 1046.0
          Lair |  43.7 |  43.9 |   3.3 |  46.4 |  20.8 | 1791.7
        Bailey |   0.6 |   0.6 |   0.0 |   0.0 |   0.0 | 145.0
               +-------+-------+-------+-------+-------+----------------------

Table legend:
 A = Kills in this place as a percentage of kills in entire the game.
 B = Kills by you in this place as a percentage of kills by you in the entire game.
 C = Kills by friends in this place as a percentage of kills by friends in the entire game.
 D = Other kills in this place as a percentage of other kills in the entire game.
 E = Experience gained in this place as a percentage of experience gained in the entire game.
 F = Experience gained in this place divided by the number of levels of this place that you have seen.
                   A       B       C       D       E      F
               +-------+-------+-------+-------+-------+----------------------
         Total | 100.0 | 100.0 | 100.0 | 100.0 | 100.0 | 3268.6
       Dungeon |  60.0 |  59.8 |  64.2 |   0.0 |  39.2 | 1973.1
          Lair |  35.1 |  36.9 |  32.7 |  10.0 |  60.5 | 6588.0
        Bailey |   4.9 |   3.3 |   3.1 |  90.0 |   0.3 | 194.0
               +-------+-------+-------+-------+-------+----------------------
